 Dungeon Crawl Stone Soup version 0.27.0-1-g7a089689b8 (webtiles) character file.

Game seed: 7505470358652974117

49 pikapanic92 the Grave Robber (level 3, 0/24 HPs)
             Began as a Mummy Necromancer on Aug 13, 2021.
             Slain by an adder (1 damage)
             ... on level 2 of the Dungeon.
             The game lasted 00:07:30 (1454 turns).

pikapanic92 the Grave Robber (Mummy Necromancer)    Turns: 1454, Time: 00:07:30

Health: 0/24       AC:  2    Str: 11    XL:     3   Next: 51%
Magic:  5/7        EV: 12    Int: 15    God:
Gold:   78         SH:  0    Dex: 12    Spells: 3/8 levels left

rFire    x . .     SeeInvis .   b - +0 short sword
rCold    + . .     Faith    .   (no shield)
rNeg     + + +     Spirit   .   a - +0 robe
rPois    ∞         Reflect  .   (no helmet)
rElec    .         Harm     .   (no cloak)
rCorr    .         Rampage  .   (no gloves)
Will     .....                  (no boots)
Stlth    ++........             (no amulet)
HPRegen  0.08/turn              (no ring)
MPRegen  0.10/turn              (no ring)

@: about to teleport
A: cold resistance 1, negative energy resistance 3, torment resistance 2, heat
vulnerability 1, no potions
a: no special abilities


You were on level 2 of the Dungeon.
You visited 1 branch of the dungeon, and saw 2 of its levels.

You collected 78 gold pieces.

Inventory:

Hand Weapons
 b - a +0 short sword (weapon)
Armour
 a - a +0 robe (worn)
Scrolls
 e - a scroll of identify
Potions
 d - a potion of curing {unknown}


   Skills:
 * Level 1.8 Dodging
 + Level 1.5 Stealth
 * Level 3.4 Spellcasting
 * Level 4.8 Necromancy


You had 3 spell levels left.
You knew the following spells:

 Your Spells              Type           Power      Damage    Failure   Level
a - Pain                  Necr           68%        1d7       2%          1
b - Animate Skeleton      Necr           34%        N/A       2%          1
c - Vampiric Draining     Necr           8%         2d7       8%          3

Your spell library contained the following spells:

 Spells                   Type           Power      Damage    Failure   Level
 Animate Dead             Necr           8%         N/A       26%         4
 Agony                    Necr           17%        N/A       58%         5


Dungeon Overview and Level Annotations

Branches:
Dungeon (2/15)

Altars:


Innate Abilities, Weirdness & Mutations

You are immune to poison.
Your flesh is cold resistant. (rC+)
You are immune to negative energy. (rN+++)
You are immune to unholy pain and torment.
You are vulnerable to heat. (rF-)
You do not drink.


Message History

Okay, then.
You see here a hobgoblin corpse.
Aiming: Pain (safe; 2% risk of failure)
Press: ? - help, Q - select action, (/) - cycle Shift-Dir - straight line, f - gnoll
Aim: a gnoll, wielding a +0 club (chance to affect: 82%)
The gnoll barely resists.
Aiming: Pain (safe; 2% risk of failure)
Press: ? - help, Q - select action, (/) - cycle Shift-Dir - straight line, f/p - gnoll
Aim: a gnoll, wielding a +0 club (chance to affect: 82%)
The gnoll writhes in agony.
Aiming: Pain (safe; 2% risk of failure)
Press: ? - help, Q - select action, (/) - cycle Shift-Dir - straight line, f/p - gnoll
Aim: a gnoll, wielding a +0 club (lightly wounded, chance to affect: 82%)
The gnoll barely resists.
The gnoll hits you with a +0 club!
Casting: Pain (safe; 2% risk of failure)
Confirm with . or Enter, or press ? or * to list all spells.
You attempt to give life to the dead...
Before your eyes, flesh is ripped from the corpse!
The dead are slithering!
The gnoll closely misses you. The adder barely misses you.
Your ball python skeleton completely misses the adder.
Your ball python skeleton barely misses the adder.
The adder bites you.
Your ball python skeleton misses the adder. x2
The gnoll hits you from afar with a +0 spear.
The adder barely misses you. The gnoll closely misses you.
Your ball python skeleton bites the gnoll.
Your ball python skeleton closely misses the gnoll.
The adder bites you.
As you read the scroll of teleportation, it crumbles to dust.
You feel strangely unstable. The adder bites you.
The gnoll hits you with a +0 club!
* * * LOW HITPOINT WARNING * * *
Your ball python skeleton bites the gnoll but does no damage.
Your ball python skeleton grabs the gnoll.
Your ball python skeleton constricts the gnoll.
The adder bites you.
You die... ###.##.### #........# .≈≈ #........# #♣♣♣ P≈P

♣♣♣♣ #........##### #..♣♣
♣.♣♣♣...
#............####...♣♣♣≈P♣♣...
####........###.........♣♣≈≈♣....
..#.........###.........♣≈.♣♣....
..#.#.......#..............).....
.....)........gS@...........†....
..####....>..Zg..............<...
..###.........................###
........................#.......#
..##......................##.....
..##...#...##...........#####...#
..#....##.###............. ##...
###.......# .............# #.#
#....# # .#


You could see 2 gnolls, an adder and a friendly ball python skeleton.

Vanquished Creatures
  An adder (D:2)
  4 bats (D:1)
  3 endoplasms (D:1)
  A giant cockroach (D:1)
  5 goblins
  3 hobgoblins
  4 kobolds
  3 quokkas
  6 ball pythons
  2 frilled lizards
  2 rats
34 creatures vanquished.

Vanquished Creatures (collateral kills)
  An endoplasm (D:1)
1 creature vanquished.

Vanquished Creatures (others)
  A plant (D:2)
1 creature vanquished.

Grand Total: 36 creatures vanquished

Notes
Turn   | Place    | Note
-------+----------+-------------------------------------------
     0 | D:1      | pikapanic92 the Mummy Necromancer began the quest for the
                  | Orb.
     0 | D:1      | Reached XP level 1. HP: 13/13 MP: 4/4
   243 | D:1      | Found a faded altar of an unknown god.
   327 | D:1      | Reached XP level 2. HP: 19/19 MP: 0/5
   862 | D:1      | Learned a level 1 spell: Animate Skeleton
   874 | D:1      | Reached XP level 3. HP: 23/24 MP: 1/7
  1330 | D:2      | Learned a level 3 spell: Vampiric Draining
  1453 | D:2      | HP: 1/24 [gnoll (7)]
  1454 | D:2      | Slain by an adder

Illustrated notes

Levels and vault maps discovered:
D:1:      lemuel_arrival_lava_pool, layout_rooms,
          hellmonk_ecumenical_altar_run_dry, minmay_close_crescents
D:2:      layout_rooms, minivault_26, minmay_strange_pillars,
          serial_bayou_crossing

Skill      XL: |  1  2 |
---------------+-------+-----
Spellcasting   | 3 |  3.4
Dodging        | |  1.8
Stealth        | |  1.5
Necromancy     | |  4.8

Action                   || total
-------------------------++-------
Melee: Unarmed           ||     5
       Short sword       ||     1
 Cast: Pain              ||    74
       Animate Skeleton  ||     2
  Use: Scroll            ||     4
Armor: Robe              ||    10
Dodge: Dodged            ||    51
